 Dungeon Crawl Stone Soup version 0.27-a0-1196-g3e9cee4cb2 (webtiles) character file.

Game seed: 7480165233178250175

10496 pokeman the Thaumaturge (level 11, -5/61 HPs)
             Began as a Deep Elf Hedge Wizard on May 27, 2021.
             Was an Elder of Vehumet.
             Slain by a thrashing horror (13 damage)
             ... on level 2 of the Abyss.
             The game lasted 00:47:03 (14378 turns).

pokeman the Thaumaturge (Deep Elf Hedge Wizard)    Turns: 14378, Time: 00:47:03

Health: -5/61      AC:  8    Str:  7      XL:     11   Next: 36%
Magic:  30/40      EV: 16    Int: 19      God:    Vehumet [****..]
Gold:   1027       SH:  0    Dex: 12 (14) Spells: 15/38 levels left

rFire    . . .     SeeInvis .   F - +1 spear (venom)
rCold    . . .     Faith    +   (no shield)
rNeg     . . .     Spirit   .   T - +0 troll leather armour
rPois    .         Reflect  .   J - +0 helmet
rElec    .         Harm     .   w - +0 cloak
rCorr    .         Rampage  .   (no gloves)
Will     +....     Rnd*Rage +   l - +0 pair of boots
Stlth    ++........             j - amulet of faith
HPRegen  0.00/turn              a - ring of magical power
MPRegen  0.27/turn              o - +4 ring of evasion

@: diseased
A: [berserk 2], [deterioration 2], [dopey 2]
a: Renounce Religion


You were on level 2 of the Abyss.
You worshipped Vehumet.
Vehumet was greatly pleased with you.
You visited 2 branches of the dungeon, and saw 11 of its levels.
You visited the Abyss 1 time.

You collected 1049 gold pieces.
You spent 22 gold pieces at shops.

Inventory:

Hand Weapons
 F - a +1 spear of venom (weapon)
 K - a +0 shortbow
Missiles
 b - 129 bolts
 H - 2 curare-tipped darts
 L - 99 arrows
Armour
 c - +0 swamp dragon scales
 k - a scarf of shadows
 l - a +0 pair of boots (worn)
 w - a +0 cloak (worn)
 J - a +0 helmet (worn)
 S - a +0 kite shield
 T - a +0 troll leather armour (worn)
Jewellery
 a - a ring of magical power (left hand)
 f - a +6 ring of strength
 j - an amulet of faith (around neck)
 o - a +4 ring of evasion (right hand)
 s - a ring of poison resistance
 E - an amulet of the acrobat
Wands
 d - a wand of charming (5)
 e - a wand of flame (16)
 y - a wand of iceblast (12)
 A - a wand of polymorph (11)
 D - a wand of digging (10)
 G - a wand of acid (3)
 R - a wand of mindburst (6)
Scrolls
 i - 2 scrolls of amnesia
 m - a scroll of enchant weapon
 n - 3 scrolls of magic mapping
 p - 3 scrolls of teleportation
 x - a scroll of vulnerability
 B - a scroll of holy word {unknown}
 I - a scroll of fear {unknown}
 M - a scroll of brand weapon {unknown}
 N - a scroll of blinking {unknown}
 O - a scroll of enchant armour {unknown}
Potions
 g - 2 potions of attraction
 h - 6 potions of curing
 q - a potion of haste
 r - 2 potions of mutation
 t - a potion of heal wounds
 z - a potion of invisibility
 C - 2 potions of flight
 P - a potion of cancellation {unknown}
 Q - 3 potions of degeneration {unknown}
Miscellaneous
 u - a condenser vane


   Skills:
 - Level 4.0 Fighting
 - Level 4.0 Armour
 - Level 4.0 Dodging
 - Level 3.0 Stealth
 + Level 1.3 Shields
 * Level 14.4 Spellcasting
 + Level 9.6 Conjurations
 - Level 1.1 Summonings
 - Level 1.1 Translocations
 - Level 2.0 Transmutations
 + Level 7.7 Fire Magic
 + Level 0.8 Ice Magic
 - Level 1.0 Air Magic
 - Level 1.0 Poison Magic
 - Level 1.0 Evocations


You had 15 spell levels left.
You knew the following spells:

 Your Spells              Type           Power      Damage    Failure   Level
a - Magic Dart            Conj           100%       1d8       1%          1
b - Mephitic Cloud        Conj/Pois/Air  28%        N/A       1%          3
c - Call Imp              Summ           17%        N/A       7%          2
d - Blink                 Tloc           N/A        N/A       7%          2
e - Conjure Flame         Conj/Fire      46%        6-21      1%          3
f - Shock                 Conj/Air       100%       1d9       1%          1
g - Wereblood             Tmut           21%        N/A       4%          2
h - Swiftness             Air            17%        N/A       14%         3
i - Freezing Cloud        Conj/Ice/Air   14%        6-21      45%         6

Your spell library contained the following spells:

 Spells                   Type           Power      Damage    Failure   Level
 Searing Ray              Conj           100%       3d7       1%          2
 Static Discharge         Conj/Air       34%        N/A       1%          2
 Dazzling Flash           Conj/Hex       64%        N/A       1%          3
 Fulminant Prism          Conj/Hex       16%        3d11      2%          4
 Iskenderun's Mystic Bla  Conj/Tloc      34%        2d8       2%          4
 Beastly Appendage        Tmut           42%        N/A       3%          1
 Summon Small Mammal      Summ           68%        N/A       4%          1
 Lightning Bolt           Conj/Air       17%        1d31      6%          5
 Slow                     Hex            13%        N/A       11%         2
 Airstrike                Air            8%         N/A       12%         4
 Call Canine Familiar     Summ           17%        N/A       13%         3
 Summon Guardian Golem    Hex/Summ       15%        N/A       17%         3
 Summon Ice Beast         Ice/Summ       17%        N/A       41%         4
 Summon Lightning Spire   Summ/Air       17%        N/A       41%         4
 Hydra Form               Tmut           10%        N/A       63%         5
 Dragon Form              Tmut           10%        N/A       100%        7


Dungeon Overview and Level Annotations

Branches:
Dungeon (10/15)            Temple (1/1) D:4            Lair (0/6) D:8
    Orc: D:9-12

Altars:
Cheibriados
Elyvilon
Fedhas
Gozag
Hepliaklqana
Kikubaaqudgha
Makhleb
Nemelex Xobeh
Ru
Sif Muna
Trog
Uskayaw
Vehumet
Wu Jian
Yredelemnul
The Shining One

Shops:
D:1 !   D:4 *   D:7 *   D:10 [

Annotations:
D:5 3 runed translucent doors, Drazool's ghost, novice BaFi; hgbash's ghost, novice DsBe; pablusdiablus's ghost, amateur FoFi; pablusdiablus's ghost, novice FoFi


Innate Abilities, Weirdness & Mutations

[You often lose your temper in combat.]
[Your body often deteriorates upon taking damage.]
[You are very dopey. (Int -4)]


Message History

The raiju bursts into living lightning!
The living lightning hits you!!
* * * LOW HITPOINT WARNING * * *
The raiju blinks! x2
The ynoxinul bellows!
Casting: Blink (safe; 7% risk of failure)
Confirm with . or Enter, or press ? or * to list all spells.
You blink.
A thrashing horror comes into view.
The thrashing horror roars!
The raiju bursts into living lightning!
The living lightning hits the ynoxinul.
The ynoxinul resists.
The living lightning misses you.
The raiju blinks!
Casting: Blink (safe; 7% risk of failure)
Confirm with . or Enter, or press ? or * to list all spells.
Aiming: Mephitic Cloud (safe; 1% risk of failure)
Press: ? - help, Shift-Dir - straight line, f - raiju
Aim: a raiju (chance to affect: 67%)
The ball explodes into a vile cloud!
The stinking cloud engulfs the raiju but does no damage.
The thrashing horror barely misses you. The thrashing horror tramples you.
* * * LOW HITPOINT WARNING * * *
You stumble backwards!
The raiju is engulfed in noxious fumes.
The raiju appears confused.
Unknown command.
Unknown command.
The thrashing horror misses you. The thrashing horror barely misses you.
The raiju is engulfed in noxious fumes.
The raiju appears confused.
Unknown command.
Casting: Mephitic Cloud (safe; 1% risk of failure)
Confirm with . or Enter, or press ? or * to list all spells.
You blink.
The thrashing horror tramples you.
* * * LOW HITPOINT WARNING * * *
You stumble backwards!
Your magical contamination has completely faded away.
Unknown command.
The thrashing horror roars!
The thrashing horror tramples you but does no damage. x2
The thrashing horror tramples you!
You die...

...####.........
.#.... #. . .. #...
...# #...... .. .
.##... ..... .. #...
#.c#... .. ..## # ..
....#...########
X§..###.§##h.....# .
......##.x#.......#
... ....x.#.
#.3...#..#..... .
.#§##.##.#...X@..#
#..##Xx##..#########
.####.# ...# #
#....###..
#...#.........
##..#§##...... #....
#..##. ##..## ..#
#.#.. ..


You could see a thrashing horror, a worldbinder, a raiju (confused) and a
ynoxinul.

Vanquished Creatures
  A boulder beetle (D:9)
  A two-headed ogre (D:5)
  Maggie (D:7)
  A kobold demonologist (D:9)
  3 trolls (D:9)
  A hornet (D:10)
  Sigmund (D:3)
  A wraith (D:9)
  10 yaks
  A steam dragon (D:9)
  6 water moccasins
  An acid dragon (D:8)
  Duvessa (D:5)
  9 orc warriors
  2 black bears
  2 ice beasts
  A sky beast (D:6)
  2 necrophages
  An ogre (D:4)
  4 centaurs
  4 kobold brigands
  Blork the orc (D:5)
  5 bullfrogs
  A wyvern zombie (D:7)
  10 scorpions
  2 gnoll sergeants
  Dowan (D:5)
  A wyvern skeleton (D:7)
  4 wights
  2 bullfrog zombies
  5 howler monkeys
  5 hounds
  A quasit (Abyss:2)
  A centaur skeleton (D:7)
  2 centaur zombies
  5 orc priests
  2 gnoll shamans
  A bullfrog skeleton (D:6)
  2 iron imps
  4 iguanas
  7 orc wizards
  A hound skeleton (D:4)
  2 howler monkey zombies
  2 howler monkey skeletons (D:6)
  14 gnolls
  3 adders
  2 white imps
  An adder skeleton (D:2)
  4 dart slugs
  26 orcs
  6 bats
  11 endoplasms
  A giant cockroach (D:4)
  3 goblins
  5 hobgoblins
  6 jackals
  19 kobolds
  7 quokkas
  6 ball pythons
  2 goblin zombies (D:8)
  3 hobgoblin zombies (D:8)
  A kobold skeleton (D:8)
  An orc skeleton (D:8)
  An orc zombie (D:8)
  7 rats
  A spectral hobgoblin (D:7)
251 creatures vanquished.

Vanquished Creatures (collateral kills)
  Grinder (D:3)
  Crazy Yiuf (D:3)
  A kobold zombie (D:8)
3 creatures vanquished.

Vanquished Creatures (others)
  57 fungi (D:8)
  36 plants (D:8)
  2 withered plants (D:5)
95 creatures vanquished.

Grand Total: 349 creatures vanquished

Notes
Turn   | Place    | Note
-------+----------+-------------------------------------------
     0 | D:1      | pokeman the Deep Elf Hedge Wizard began the quest for the
                  | Orb.
     0 | D:1      | Reached XP level 1. HP: 10/10 MP: 7/7
   321 | D:1      | Found Enta Maa's Distillery.
   351 | D:1      | Reached XP level 2. HP: 15/15 MP: 4/9
   866 | D:1      | Identified the Reference Book on Shape Shifting
  1025 | D:2      | Reached skill level 5 in Spellcasting
  1142 | D:2      | Reached XP level 3. HP: 20/20 MP: 11/11
  1145 | D:2      | Learned a level 2 spell: Wereblood
  1149 | D:2      | Learned a level 3 spell: Mephitic Cloud
  1152 | D:2      | Learned a level 2 spell: Call Imp
  1155 | D:2      | Learned a level 2 spell: Blink
  1213 | D:2      | Reached skill level 1 in Fighting
  1213 | D:2      | Reached skill level 1 in Armour
  1371 | D:2      | Reached XP level 4. HP: 25/25 MP: 13/13
  1375 | D:2      | Learned a level 3 spell: Conjure Flame
  2205 | D:3      | Noticed Grinder
  2217 | D:3      | Paralysed by Grinder for 6 turns
  2224 | D:3      | Paralysed by Grinder for 6 turns
  2255 | D:3      | Paralysed by Grinder for 4 turns
  2439 | D:3      | Noticed Sigmund
  2452 | D:3      | Killed Sigmund
  2453 | D:3      | Reached skill level 6 in Spellcasting
  2453 | D:3      | Reached skill level 1 in Transmutations
  2453 | D:3      | Reached XP level 5. HP: 17/29 MP: 16/16
  2890 | D:3      | Paralysed by Grinder for 3 turns
  3309 | D:3      | Killed Grinder
  3310 | D:3      | Reached XP level 6. HP: 15/34 MP: 7/17
  3510 | D:3      | Reached skill level 5 in Conjurations
  3672 | D:3      | Found a faded altar of an unknown god.
  3802 | D:3      | Reached XP level 7. HP: 38/38 MP: 19/19
  3962 | D:3      | Found a runed translucent door.
  3963 | D:3      | Noticed Crazy Yiuf
  3981 | D:3      | Killed Crazy Yiuf
  3982 | D:3      | Reached skill level 7 in Spellcasting
  4160 | D:4      | Reached skill level 1 in Fire Magic
  4347 | D:4      | Found a staircase to the Ecumenical Temple.
  4359 | Temple   | Entered the Ecumenical Temple
  4410 | Temple   | Became a worshipper of Vehumet
  4634 | D:4      | Reached skill level 1 in Air Magic
  4878 | D:4      | Found Tovan's General Store.
  4886 | D:4      | Bought a scroll of identify for 22 gold pieces
  5008 | D:5      | Entered Level 5 of the Dungeon
  5023 | D:5      | Reached skill level 1 in Poison Magic
  5047 | D:5      | Noticed Duvessa
  5053 | D:5      | Noticed Dowan
  5064 | D:5      | Killed Dowan
  5065 | D:5      | Reached skill level 8 in Spellcasting
  5069 | D:5      | Killed Duvessa
  5070 | D:5      | Reached skill level 1 in Evocations
  5070 | D:5      | Reached XP level 8. HP: 26/43 MP: 19/22
  5608 | D:5      | Reached skill level 9 in Spellcasting
  5808 | D:5      | Noticed Blork the orc
  5817 | D:5      | Killed Blork the orc
  5979 | D:5      | Noticed a two-headed ogre
  6004 | D:5      | Killed a two-headed ogre
  6005 | D:5      | Reached skill level 10 in Spellcasting
  6005 | D:5      | Reached XP level 9. HP: 18/48 MP: 11/25
  6222 | D:5      | Found a runed translucent gate.
  6222 | D:5      | Found a runed translucent gate.
  6222 | D:5      | Found a runed translucent gate.
  6224 | D:5      | Noticed pablusdiablus's ghost (amateur FoFi)
  6225 | D:5      | Noticed Drazool's ghost (novice BaFi)
  6226 | D:5      | Noticed hgbash's ghost (novice DsBe)
  6253 | D:5      | Noticed pablusdiablus's ghost (novice FoFi)
  6626 | D:6      | Reached * piety under Vehumet
  6626 | D:6      | Offered knowledge of Shock by Vehumet.
  6629 | D:6      | Learned a level 1 spell: Shock
  7390 | D:6      | Reached skill level 11 in Spellcasting
  8001 | D:7      | Noticed Maggie
  8002 | D:7      | Reached ** piety under Vehumet
  8002 | D:7      | Offered knowledge of Sandblast by Vehumet.
  8374 | D:7      | Reached skill level 5 in Fire Magic
  8929 | D:7      | Found a hazy altar of Hepliaklqana.
  9112 | D:7      | Found Zemny's Serpentskin Sales.
  9423 | D:7      | Killed Maggie
  9424 | D:7      | Reached skill level 12 in Spellcasting
  9424 | D:7      | Reached XP level 10. HP: 35/53 MP: 20/28
  9978 | D:8      | Offered knowledge of Ignite Poison by Vehumet.
 10424 | D:8      | Reached *** piety under Vehumet
 10789 | D:8      | Found a staircase to the Lair.
 10837 | D:8      | Learned a level 3 spell: Swiftness
 11144 | D:8      | Offered knowledge of Frozen Ramparts by Vehumet.
 11158 | D:8      | Reached skill level 13 in Spellcasting
 11240 | D:8      | Found a glowing golden altar of the Shining One.
 11492 | D:9      | Reached **** piety under Vehumet
 11758 | D:9      | Offered knowledge of Inner Flame by Vehumet.
 12331 | D:9      | Reached XP level 11. HP: 35/60 MP: 30/30
 12691 | D:9      | Noticed a boulder beetle
 12709 | D:9      | Killed a boulder beetle
 12710 | D:9      | Reached skill level 14 in Spellcasting
 12791 | D:9      | Found an ornate altar of the Wu Jian Council.
 12804 | D:9      | Reached ***** piety under Vehumet
 12807 | D:9      | Offered knowledge of Freezing Cloud by Vehumet.
 12818 | D:9      | Learned a level 6 spell: Freezing Cloud
 12902 | D:9      | Found a hide-covered altar of Uskayaw.
 13059 | D:9      | Found a snail-covered altar of Cheibriados.
 13131 | D:9      | Found a bloodstained altar of Trog.
 13140 | D:9      | Reached skill level 1 in Shields
 13231 | D:9      | Found a blossoming altar of Fedhas.
 13496 | D:10     | Entered Level 10 of the Dungeon
 13691 | D:10     | Found Vodaim's Armour Shoppe.
 13837 | D:10     | Noticed a wizard
 13853 | D:10     | Cast into level 2 of the Abyss (a wizard)
 13876 | Abyss:2  | Found a sparkling altar of Nemelex Xobeh.
 14042 | Abyss:2  | Noticed a wretched star
 14059 | Abyss:2  | Found a corrupted altar of Lugonu.
 14087 | Abyss:2  | Noticed a large abomination
 14100 | Abyss:2  | Noticed a cacodemon
 14101 | Abyss:2  | Noticed a bone dragon
 14104 | Abyss:2  | Noticed a sun demon
 14119 | Abyss:2  | Found a corrupted altar of Lugonu.
 14307 | Abyss:2  | Noticed a starcursed mass
 14373 | Abyss:2  | Noticed a thrashing horror
 14378 | Abyss:2  | Slain by a thrashing horror

Illustrated notes

Levels and vault maps discovered:
D:1:      minmay_arrival_pointy, layout_basic, serial_shops,
          nicolae_shop_competitors_out_of_business, minivault_25,
          grunt_decor_cap
D:2:      layout_loops_ring, minmay_misc_feat_rows, fountainhead,
          grunt_ministairs_1
D:3:      layout_loops_cross, basic_ecumenical_altar, cheibrodos_gnoll_hut,
          uniq_crazy_yiuf_cottage, uniq_sigmund, uniq_grinder
D:4:      layout_loops_ring, minmay_temple_entry_arrows, serial_shops,
          nicolae_shop_crystal
D:5:      layout_basic, gammafunk_ghost_cemetery, st_stairs_4,
          uniq_blork_the_orc, uniq_duvessa
D:6:      layout_gridville
D:7:      layout_basic, nicolae_hepliaklqana_monster_ancestors,
          kennysheep_path_1, minmay_misc_feat_roman, guppyfry_shop_venom,
          uniq_maggie
D:8:      layout_basic, nicolae_tso_besieged_by_evil,
          due_lair_maze_entry_diamond
D:9:      minmay_polygon_palace, layout_basic, fedhas_altar_4,
          trog_butcher_becter, nicolae_overflow_crystal_walls,
          nicolae_uskayaw_dance_hall, chei_slow_surprise, minmay_diced_spiral
D:10:     layout_loops_corners, orc_0_dummy, serial_shops, shop,
          minmay_librarian, uniq_josephine
Temple:   regret_index_temple_waves
Abyss:2:  base: D:6, minivault_25, bh_abyss_exit_choice,
          guppyfry_abyss_exit_spiral_guarded

Skill      XL: |  1  2  3  4  5  6  7  8  9 10 11 |
---------------+----------------------------------+-----
Spellcasting   | 5 6 8 10 12 13 14 | 14.4
Fighting       | 1 2 3 4 |  4.0
Armour         | 1 2 3 4 |  4.0
Conjurations   | 2 3 4 5 6 8 9 |  9.6
Dodging        | 3 4 |  4.0
Transmutations | 1 2 |  2.0
Fire Magic     | 1 3 5 7 |  7.7
Air Magic      | 1 |  1.0
Stealth        | 3 |  3.0
Poison Magic   | 1 |  1.0
Evocations     | 1 |  1.0
Shields        | 1 |  1.3
Summonings     | |  1.1
Translocations | |  1.1
Ice Magic      | |  0.8

Action                   |  1- 3 |  4- 6 |  7- 9 | 10-12 || total
-------------------------+-------+-------+-------+-------++-------
Melee: Short sword       |     7 |    19 |    42 |       ||    68
       Dagger            |       |       |    58 |       ||    58
       Spear             |       |       |    80 |   235 ||   315
 Cast: Magic Dart        |    67 |    96 |   107 |    47 ||   317
       Mephitic Cloud    |     1 |     2 |    29 |    30 ||    62
       Blink             |     1 |     2 |     7 |    16 ||    26
       Call Imp          |       |    24 |     4 |    11 ||    39
       Conjure Flame     |       |     3 |    24 |    34 ||    61
       Shock             |       |       |    17 |   116 ||   133
       Wereblood         |       |       |     5 |     5 ||    10
Evoke: Wand              |       |       |       |     3 ||     3
  Use: Scroll            |       |       |     9 |     7 ||    16
 Stab: Sleeping          |     1 |     1 |       |       ||     2
       Confused          |       |     2 |    16 |    11 ||    29
       Distracted        |       |       |       |     1 ||     1
Armor: Robe              |     4 |     1 |       |       ||     5
       Leather armour    |       |     1 |    34 |    22 ||    57
       Troll leather arm |       |       |       |    19 ||    19
Dodge: Dodged            |    12 |    22 |   152 |   182 ||   368

Table legend: (Time is in decaauts)
 A = Elapsed time spent in this place.
 B = Non-inter-level travel time spent in this place.
 C = Inter-level travel time spent in this place.
 D = Time resting spent in this place.
 E = Time spent auto-exploring this place.
 F = Levels seen in this place.
 G = Mean time per level.
                   A        B        C        D        E       F      G
               +--------+--------+--------+--------+--------+-----+--------+
         Total |  14433 |  13962 |    471 |    730 |  10457 |  12 | 1202.8 |
       Dungeon |  13828 |  13383 |    445 |    730 |  10411 |  10 | 1382.8 |
        Temple |     78 |     52 |     26 |      0 |     46 |   1 |   78.0 |
         Abyss |    526 |    526 |      0 |      0 |      0 |   1 |  526.0 |
               +--------+--------+--------+--------+--------+-----+--------+

Top non-repeatable levels by time:
     D:9: 2071 daAuts
     D:7: 2049 daAuts
     D:3: 1759 daAuts
     D:5: 1597 daAuts
     D:6: 1442 daAuts
     D:8: 1376 daAuts
     D:2: 1373 daAuts
     D:1: 971 daAuts
     D:4: 828 daAuts
 Abyss:2: 526 daAuts
    D:10: 358 daAuts
  Temple: 78 daAuts
